 Dungeon Crawl Stone Soup version 0.30-a0-1066-g63dfefce0d (webtiles) character file.

Game seed: 5877326779804715422

20309 Zeldest the Grappler (level 12, 0/123 HPs)
             Began as a Troll Hexslinger on Apr 13, 2023.
             Was a High Priest of Okawaru.
             Slain by a seven-headed hydra (8 damage)
             ... on level 3 of the Lair of Beasts.
             The game lasted 00:11:18 (9759 turns).

Zeldest the Grappler (Troll Hexslinger)             Turns: 9759, Time: 00:11:19

Health: 0/123      AC: 11    Str: 25    XL:     12   Next: 44%
Magic:  17/19      EV: 11    Int:  9    God:    Okawaru [*****.]
Gold:   754        SH:  0    Dex: 10    Spells: 12/13 levels left

rFire   . . .      SeeInvis +    M - +0 scimitar (flame)
rCold   . . .      Faith    .    i - orb {*Rage}
rNeg    . . .      Spirit   .    y - +0 steam dragon scales
rPois   .          Reflect  .    (helmet restricted)
rElec   .          Rampage  .    p - +2 cloak
rCorr   .          Rage     20%  (gloves unavailable)
Will    .....                    (boots unavailable)
Stlth   +++                      (no amulet)
HPRegen 1.20/turn                g - ring of see invisible
MPRegen 0.16/turn                n - +4 ring of slaying

@: heroic, on berserk cooldown, slowed, very slow
A: large, unfitting armour, claws 3, regeneration 1, shaggy fur 1, tough skin 1,
high MP 1
a: Renounce Religion, Heroism, Finesse, Duel


You were on level 3 of the Lair of Beasts.
You worshipped Okawaru.
Okawaru was extremely pleased with you.
You visited 3 branches of the dungeon, and saw 15 of its levels.

You collected 754 gold pieces.

Inventory:

Hand Weapons
 v - a +0 giant spiked club
 M - a +0 scimitar of flaming (weapon)
Missiles
 s - 2 throwing nets
 C - 2 javelins
Armour
 i - an orb of wrath (worn)
 p - a +2 cloak (worn)
 y - +0 steam dragon scales (worn)
Jewellery
 g - a ring of see invisible (left claw)
 n - a +4 ring of slaying (right claw)
 u - a ring of wizardry
 B - a ring of flight
 N - a ring of resist corrosion
 O - a ring of willpower
Wands
 D - a wand of paralysis (6)
 J - a wand of polymorph (6)
 L - a wand of digging (6)
Scrolls
 a - 16 scrolls of identify {unknown}
 b - 3 scrolls of poison
 c - 2 scrolls of silence {unknown}
 d - 9 scrolls of teleportation {unknown}
 e - a scroll of blinking {unknown}
 f - 3 scrolls of enchant armour {unknown}
 h - a scroll of vulnerability {unknown}
 k - 2 scrolls of amnesia {unknown}
 w - 5 scrolls of noise {unknown}
 x - 4 scrolls of enchant weapon {unknown}
 F - a scroll of immolation {unknown}
 H - a scroll of fog {unknown}
 I - a scroll of magic mapping {unknown}
Potions
 j - 2 potions of lignification
 l - a potion of heal wounds {unknown}
 m - 10 potions of curing {unknown}
 o - 3 potions of invisibility {unknown}
 q - 3 potions of mutation
 r - 2 potions of degeneration {unknown}
 t - 3 potions of cancellation {unknown}
 z - 3 potions of haste {unknown}
 A - 2 potions of flight {unknown}
 E - a potion of attraction {unknown}
 G - a potion of ambrosia {unknown}
 K - a potion of resistance


   Skills:
 + Level 9.0(14.0) Fighting
 - Level 1.2(6.2) Ranged Weapons
 + Level 0.1(5.1) Armour
 - Level 1.5(6.5) Dodging
 + Level 14.8(19.8) Unarmed Combat
 - Level 1.0 Spellcasting
 - Level 2.0 Hexes
 + Level 9.1 Invocations


You had 12 spell levels left.
You knew the following spells:

 Your Spells              Type           Power      Damage    Failure   Level
a - Slow                  Hex            16%        N/A       16%         1

Your spell library contained the following spells:

 Spells                   Type           Power      Damage    Failure   Level
 Apportation              Tloc           0%         N/A       36%         1
 Magic Dart               Conj           0%         1d3       36%         1
 Necrotise                Necr           0%         1d4       36%         1
 Cigotuvi's Dreadful Rot  Necr/Pois/Air  0%         N/A       50%         2
 Inner Flame              Hex/Fire       2%         N/A       58%         3
 Portal Projectile        Hex/Tloc       4%         N/A       58%         3
 Hailstorm                Conj/Ice       0%         3d3       73%         3
 Ignite Poison            Fire/Tmut/Pois 0%         N/A       73%         3
 Mephitic Cloud           Conj/Pois/Air  0%         N/A       73%         3
 Cause Fear               Hex            2%         N/A       85%         4
 Ice Form                 Ice/Tmut       0%         N/A       98%         4
 Manifold Assault         Tloc           0%         N/A       98%         4
 Blade Hands              Tmut           0%         N/A       100%        5
 Freezing Cloud           Conj/Ice/Air   0%         6-21      100%        5
 Dispersal                Tloc           0%         N/A       100%        6
 Disjunction              Tloc           0%         N/A       100%        8
 Summon Small Mammal      Summ           Unusable   N/A       N/A         1
 Tukima's Dance           Hex            Unusable   N/A       N/A         3
 Call Imp                 Summ           Unusable   N/A       N/A         2
 Simulacrum               Ice/Necr       Unusable   N/A       N/A         6

Dungeon Overview and Level Annotations

Branches:
Dungeon (11/15) Zot: 26661  Temple (1/1) D:4 Zot: 5634    Lair (3/5) D:10 Zot: 15541
  Snake (0/4) Lair:2
  Swamp: Lair:2-3    Shoals: Lair:2-3       Orc: D:9-12

Altars:
Ashenzari
Cheibriados
Dithmenos
Elyvilon
Fedhas
Gozag
Hepliaklqana
Kikubaaqudgha
Makhleb
Nemelex Xobeh
Okawaru
Qazlal
Ru
Sif Muna
Trog
Uskayaw
Vehumet
Wu Jian
Xom
Yredelemnul
Zin
The Shining One

Shops:
D:3 =   D:4 *   D:9 [:!:


Innate Abilities, Weirdness & Mutations

You are too large for most types of armour.
You have claws for hands.
Your natural rate of healing is unusually fast.
You are covered in fur. (AC +1)
You have tough skin. (AC +1)
You have an increased reservoir of magic. (+10% MP)


Message History

The seven-headed hydra is lightly wounded.
The seven-headed hydra bites you.
The seven-headed hydra barely misses you.
The seven-headed hydra bites you but does no damage. x2
The seven-headed hydra bites you!
* * * LOW HITPOINT WARNING * * *
The seven-headed hydra closely misses you.
The seven-headed hydra bites you.
* * * LOW HITPOINT WARNING * * *
The seven-headed hydra closely misses you.
The seven-headed hydra bites you but does no damage. x2
The seven-headed hydra closely misses you.
The seven-headed hydra bites you but does no damage.
The seven-headed hydra bites you.
* * * LOW HITPOINT WARNING * * *
The seven-headed hydra bites you!
* * * LOW HITPOINT WARNING * * *
Okay, then.
Okay, then.
Okay, then.
Okay, then.
Okay, then.
Okay, then.
Aiming: Paralyse
Press: ? - help, Shift-Dir - straight line, f - seven-headed hydra
Aim: a seven-headed hydra (lightly wounded, chance to affect: 17%)
Okay, then.
You gain the combat prowess of a mighty hero.
The seven-headed hydra bites you!
* * * LOW HITPOINT WARNING * * *
The seven-headed hydra barely misses you.
The seven-headed hydra bites you!
* * * LOW HITPOINT WARNING * * *
The seven-headed hydra bites you but does no damage.
The seven-headed hydra misses you.
The seven-headed hydra bites you but does no damage. x2
The seven-headed hydra closely misses you.
The seven-headed hydra bites you but does no damage. x2
The seven-headed hydra bites you!
You die...

....# ...P ...# ...#
##...# ##...# #.D..#
#.@### # #####..PP##
# ### #.P.......# #
#.# #........##
#####.####+.........#
...................##
###..##.#.####...P.#
##..####.# #PPP.##
#### ### ##..##


You could see a seven-headed hydra.

Vanquished Creatures
  A hydra (Lair:1)
  A boulder beetle (D:11)
  Erica (Lair:2)
  3 two-headed ogres
  4 skeletal warriors (D:11)
  2 black mambas (Lair:1)
  Joseph (D:7)
  A torpor snail (Lair:2)
  6 cane toads (Lair:1)
  2 rime drakes
  An unseen horror (D:10)
  A troll (D:11)
  A polar bear (Lair:1)
  A hornet (D:7)
  2 dream sheep (Lair:2)
  A shadow (D:6)
  Sigmund (D:2)
  2 wyverns
  22 yaks
  2 basilisks (Lair:1)
  2 steam dragons
  2 water moccasins
  Duvessa (D:7)
  3 nagas (Lair:2)
  Edmund (D:5)
  4 sky beasts
  3 orc warriors
  4 black bears
  5 centaurs
  An ogre (D:5)
  11 wolves
  A phantom (D:5)
  6 bullfrogs
  3 scorpions
  3 wights (D:6)
  Dowan (D:7)
  11 killer bees
  5 howler monkeys
  A gnoll bouda (D:7)
  3 hounds (D:6)
  3 jellies
  4 orc priests
  Crazy Yiuf (D:3)
  3 iguanas
  Terence (D:2)
  4 orc wizards
  A scorpion zombie (D:3)
  A hound skeleton (D:3)
  Robin (D:3)
  11 gnolls
  10 adders
  A shadow imp (D:7)
  3 white imps
  2 ufetubi
  2 adder zombies (D:3)
  An adder skeleton (D:3)
  A worm (D:3)
  6 dart slugs
  35 orcs
  4 ball pythons
  5 bats
  10 endoplasms
  4 giant cockroaches
  15 goblins
  5 hobgoblins
  4 jackals
  6 kobolds
  6 quokkas
  A ball python zombie (D:3)
  2 frilled lizards (D:1)
  A giant cockroach zombie (D:3)
  A quokka skeleton (D:3)
  A quokka zombie (D:3)
  4 rats
  A butterfly (Lair:1)
288 creatures vanquished.

Vanquished Creatures (others)
  8 demonic plants (D:7)
  A fungus (Lair:1)
  20 plants (Lair:1)
29 creatures vanquished.

Grand Total: 317 creatures vanquished

Notes
Turn   | Place    | Note
-------+----------+-------------------------------------------
     0 | D:1      | Zeldest the Troll Hexslinger began the quest for the Orb.
     0 | D:1      | Reached XP level 1. HP: 18/18 MP: 1/1
   121 | D:1      | Reached skill level 1 in Fighting
   121 | D:1      | Reached skill level 1 in Unarmed Combat
   155 | D:1      | Reached XP level 2. HP: 27/27 MP: 2/2
   374 | D:1      | Reached skill level 2 in Unarmed Combat
   398 | D:1      | Reached XP level 3. HP: 33/33 MP: 3/3
   697 | D:2      | Noticed Sigmund
   713 | D:2      | Killed Sigmund
   714 | D:2      | Reached skill level 4 in Unarmed Combat
   714 | D:2      | Reached XP level 4. HP: 25/44 MP: 4/4
   714 | D:2      | Reached XP level 5. HP: 29/50 MP: 5/5
   767 | D:2      | Found a white marble altar of Elyvilon.
   999 | D:2      | Noticed Terence
  1006 | D:2      | Killed Terence
  1320 | D:3      | Noticed Robin
  1342 | D:3      | Killed Robin
  1423 | D:3      | Reached XP level 6. HP: 59/59 MP: 6/6
  1554 | D:3      | Found Zeisuzxa's Jewellery Shoppe.
  1702 | D:3      | Reached skill level 5 in Unarmed Combat
  1890 | D:3      | Found a runed translucent door.
  1891 | D:3      | Noticed Crazy Yiuf
  1944 | D:3      | Killed Crazy Yiuf
  2028 | D:4      | Found a staircase to the Ecumenical Temple.
  2053 | Temple   | Entered the Ecumenical Temple
  2354 | Temple   | Became a worshipper of Warmaster Okawaru
  2739 | D:4      | Found Dineuz's Mass Market.
  3211 | D:5      | Entered Level 5 of the Dungeon
  3244 | D:5      | Reached skill level 1 in Invocations
  3244 | D:5      | Reached XP level 7. HP: 67/67 MP: 7/7
  3349 | D:5      | Reached skill level 6 in Unarmed Combat
  3419 | D:5      | Noticed Edmund
  3435 | D:5      | Killed Edmund
  3435 | D:5      | Reached * piety under Okawaru
  3496 | D:5      | Reached skill level 7 in Unarmed Combat
  3496 | D:5      | Reached XP level 8. HP: 78/78 MP: 8/8
  3589 | D:5      | Identified the +0 robe of the Stag {rPois Int+5}
  3870 | D:5      | Reached ** piety under Okawaru
  4255 | D:6      | Reached skill level 8 in Unarmed Combat
  4350 | D:6      | Reached skill level 5 in Fighting
  4551 | D:6      | Found an ancient bone altar of Kikubaaqudgha.
  4658 | D:6      | Reached *** piety under Okawaru
  4799 | D:7      | Reached XP level 9. HP: 88/88 MP: 11/11
  4847 | D:7      | Reached skill level 9 in Unarmed Combat
  4868 | D:7      | HP: 9/198 [poisoned by a killer bee]
  5022 | D:7      | Noticed Joseph
  5034 | D:7      | Killed Joseph
  5034 | D:7      | Reached **** piety under Okawaru
  5058 | D:7      | Reached skill level 5 in Invocations
  5346 | D:7      | Noticed Duvessa
  5346 | D:7      | Noticed Dowan
  5354 | D:7      | Killed Duvessa
  5355 | D:7      | Reached skill level 10 in Unarmed Combat
  5355 | D:7      | Killed Dowan
  5506 | D:8      | Found a hide-covered altar of Uskayaw.
  5666 | D:8      | Identified the +1 helmet of the Salamander {Drain +Blink
                  | Str-3 Dex+7}
  5921 | D:8      | Reached XP level 10. HP: 92/98 MP: 13/13
  6050 | D:9      | Noticed a two-headed ogre
  6051 | D:9      | Found Miek's Antique Armour Shop.
  6072 | D:9      | Gained mutation: You have hidden genetic defects. [potion
                  | of mutation]
  6072 | D:9      | Gained mutation: Your mind is acute. (Int +4, Str/Dex -1)
                  | [potion of mutation]
  6073 | D:9      | Lost mutation: Your mind is acute. (Int +4, Str/Dex -1)
                  | [potion of mutation]
  6073 | D:9      | Lost mutation: You have hidden genetic defects. [potion of
                  | mutation]
  6073 | D:9      | Gained mutation: You have an increased reservoir of magic.
                  | (+10% MP) [potion of mutation]
  6075 | D:9      | Received a gift from Okawaru
  6082 | D:9      | Killed a two-headed ogre
  6082 | D:9      | Reached ***** piety under Okawaru
  6083 | D:9      | Reached skill level 11 in Unarmed Combat
  6218 | D:9      | Found Amaedeo's Distillery.
  6309 | D:9      | Found Ecvyuraw's Book Boutique.
  6410 | D:9      | Found Ziwegoxa's Book Boutique.
  6571 | D:10     | Entered Level 10 of the Dungeon
  6582 | D:10     | Received a gift from Okawaru
  6671 | D:10     | Noticed a two-headed ogre
  6681 | D:10     | Killed a two-headed ogre
  6682 | D:10     | Reached skill level 12 in Unarmed Combat
  6783 | D:10     | Noticed a two-headed ogre
  6789 | D:10     | Killed a two-headed ogre
  6899 | D:10     | Reached XP level 11. HP: 109/109 MP: 16/16
  6965 | D:10     | Found a staircase to the Lair.
  7183 | D:11     | Noticed a skeletal warrior
  7183 | D:11     | Noticed a skeletal warrior
  7183 | D:11     | Noticed a skeletal warrior
  7183 | D:11     | Noticed a skeletal warrior
  7195 | D:11     | Killed a skeletal warrior
  7200 | D:11     | Killed a skeletal warrior
  7206 | D:11     | Killed a skeletal warrior
  7213 | D:11     | Killed a skeletal warrior
  7213 | D:11     | Reached ****** piety under Okawaru
  7214 | D:11     | Reached skill level 13 in Unarmed Combat
  7320 | D:11     | Noticed a boulder beetle
  7340 | D:11     | Killed a boulder beetle
  7407 | Lair:1   | Entered Level 1 of the Lair of Beasts
  7473 | Lair:1   | Received a gift from Okawaru
  7634 | Lair:1   | Noticed a six-headed hydra
  7656 | Lair:1   | Killed a nine-headed hydra
  8240 | Lair:1   | Reached skill level 14 in Unarmed Combat
  8244 | Lair:1   | Reached XP level 12. HP: 122/122 MP: 19/19
  8753 | Lair:2   | Noticed Erica
  8763 | Lair:2   | Killed Erica
  8828 | Lair:2   | You fall into a shaft and drop 1 floor!
  8878 | Lair:2   | Received a gift from Okawaru
  9166 | Lair:2   | Found a staircase to the Snake Pit.
  9750 | Lair:3   | Noticed a six-headed hydra
  9759 | Lair:3   | Slain by a seven-headed hydra

Illustrated notes

Levels and vault maps discovered:
D:1:      eino_arrival_druids_welcome, layout_loops_ring, minmay_unequal
D:2:      layout_rooms, basic_altar, chequers_avenue, hex_tiny, minivault_11,
          uniq_sigmund, uniq_terence
D:3:      layout_loops_ring, serial_undead, serial_undead_d, serial_undead_e,
          serial_undead_e, serial_undead_d, serial_shops, shop_statue,
          nicolae_underground_beach, uniq_crazy_yiuf_cottage, uniq_robin
D:4:      layout_basic, temple_pool_b, minmay_shop_mass, minmay_statues_item,
          kennysheep_generic_room_6
D:5:      layout_loops_corners, uniq_edmund
D:6:      layout_layer_cave, mainiacjoe_overflow_catwalk,
          kennysheep_generic_room_3
D:7:      layout_rooms, dreamdust_princess_corridor, mumra_transporter_accident,
          uniq_joseph, uniq_duvessa
D:8:      layout_rooms, eat_drink_and_be_merry_uskayaw
D:9:      layout_rooms, serial_shops, shop, shop_fountains, nicolae_square_shop,
          shop_coins
D:10:     layout_cave_pools, lair_entry_dummy
D:11:     layout_roguey
Temple:   mainiacjoe_temple_cubbyholes
Lair:1:   layout_small_grid, grunt_forest_large_clearing_hut,
          infiniplex_staircase_pool, lemuel_fruit_fields
Lair:2:   layout_gridlike, nicolae_snake_entry_squirm, uniq_erica
Lair:3:   layout_roguey, elwin_shoals_entry_rooms

Skill      XL: |  1  2  3  4  5  6  7  8  9 10 11 12 |
---------------+-------------------------------------+-----
Fighting       | 1 2 3 4 5 6 7 8 9 |  9.0
Unarmed Combat | 1 2 4 5 7 8 10 12 14 | 14.8
Invocations    | 1 2 4 5 7 8 9 |  9.1
Ranged Weapons | |  1.2
Armour         | |  0.1
Dodging        | |  1.5
Spellcasting   | |  1.0
Hexes          | |  2.0

Action                     |  1- 3 |  4- 6 |  7- 9 | 10-12 || total
---------------------------+-------+-------+-------+-------++-------
  Melee: Unarmed           |    79 |   182 |   243 |   310 ||   814
         Punch             |     1 |       |       |       ||     1
         Scimitar          |       |       |       |     2 ||     2
 Invoke: Heroism           |       |       |       |     1 ||     1
  Evoke: Wand              |       |       |       |     2 ||     2
    Use: Potion            |       |       |     1 |     5 ||     6
   Stab: Sleeping          |       |     2 |       |       ||     2
         Distracted        |       |       |       |     1 ||     1
 Armour: Robe              |    25 |    17 |       |       ||    42
         Animal skin       |       |    42 |    54 |       ||    96
         Steam dragon scal |       |       |    18 |   116 ||   134
         Skin              |       |       |     5 |    54 ||    59
  Dodge: Dodged            |    38 |    72 |    98 |   127 ||   335

Table legend: (Time is in decaauts)
 A = Elapsed time spent in this place.
 B = Non-inter-level travel time spent in this place.
 C = Inter-level travel time spent in this place.
 D = Time resting spent in this place.
 E = Time spent auto-exploring this place.
 F = Levels seen in this place.
 G = Mean time per level.
                   A        B        C        D        E       F      G
               +--------+--------+--------+--------+--------+-----+--------+
         Total |  10238 |   9791 |    447 |   1780 |   6326 |  15 |  682.5 |
       Dungeon |   7415 |   7082 |    333 |   1229 |   4511 |  11 |  674.1 |
        Temple |    365 |    300 |     65 |      0 |    297 |   1 |  365.0 |
          Lair |   2456 |   2407 |     49 |    551 |   1518 |   3 |  818.7 |
               +--------+--------+--------+--------+--------+-----+--------+

Top non-repeatable levels by time:
  Lair:1: 1401 daAuts
     D:5: 1101 daAuts
     D:4: 907 daAuts
     D:3: 907 daAuts
  Lair:2: 763 daAuts
     D:7: 700 daAuts
     D:1: 636 daAuts
     D:9: 600 daAuts
     D:6: 585 daAuts
    D:10: 575 daAuts
     D:8: 567 daAuts
     D:2: 522 daAuts
  Temple: 365 daAuts
    D:11: 308 daAuts
  Lair:3: 292 daAuts
